 Dungeon Crawl Stone Soup version 0.29-a0-911-g88e6f02907 (webtiles) character file.

Game seed: 16473674286017278811

681 gelatine the Grave Robber (level 7, -5/51 HPs)
             Began as a Gnoll Necromancer on July 26, 2022.
             Slain by a gnoll
             ... wielding a +0 flail
              (10 damage)
             ... while paralysed by a gnoll
             ... on level 3 of the Dungeon.
             The game lasted 00:12:39 (4037 turns).

gelatine the Grave Robber (Gnoll Necromancer)       Turns: 4037, Time: 00:12:39

Health: -5/51      AC:  2    Str:  8    XL:     7   Next: 61%
Magic:  2/15       EV:  2    Int: 16    God:
Gold:   108        SH:  0    Dex: 12    Spells: 9/17 levels left

rFire   . . .      SeeInvis .   m - staff of conjuration
rCold   . . .      Faith    .   (no shield)
rNeg    . . .      Spirit   .   a - +0 robe
rPois   .          Reflect  .   (no helmet)
rElec   .          Harm     .   (no cloak)
rCorr   .          Rampage  .   (no gloves)
Will    .....                   (no boots)
Stlth   +++.......              n - amulet of regeneration
HPRegen 0.97/turn               (no ring)
MPRegen 0.14/turn               (no ring)

@: paralysed, animating dead
A: fangs 1, strong nose, distributed training
a: no special abilities


You were on level 3 of the Dungeon.
You visited 1 branch of the dungeon, and saw 3 of its levels.
You also visited: Sewer.

You collected 108 gold pieces.

Inventory:

Hand Weapons
 f - a +2 vorpal mace
Missiles
 g - 17 poisoned darts
 l - 2 throwing nets
Armour
 a - a +0 robe (worn)
Magical Staves
 m - a staff of conjuration (weapon)
Jewellery
 n - an amulet of regeneration (around neck)
 q - a ring of protection from fire
Wands
 r - a wand of polymorph (5)
Scrolls
 d - a scroll of blinking
 e - a scroll of enchant weapon
 h - a scroll of teleportation
 i - a scroll of magic mapping
 k - a scroll of vulnerability
 o - a scroll of amnesia
Potions
 b - a potion of might
 c - 4 potions of haste
 j - 2 potions of heal wounds
 p - 2 potions of lignification {unknown}


   Skills:
 + Level 2.7 Fighting
 + Level 2.7 Short Blades
 + Level 2.7 Long Blades
 + Level 2.7 Axes
 + Level 2.7 Maces & Flails
 + Level 2.7 Polearms
 + Level 2.7 Staves
 + Level 2.7 Ranged Weapons
 + Level 2.7 Throwing
 + Level 2.7 Armour
 + Level 5.3 Dodging
 + Level 5.0 Stealth
 + Level 2.7 Shields
 + Level 2.7 Unarmed Combat
 + Level 5.7 Spellcasting
 + Level 2.2 Conjurations
 + Level 2.2 Hexes
 + Level 2.2 Summonings
 + Level 7.5 Necromancy
 + Level 2.2 Translocations
 + Level 2.2 Transmutations
 + Level 2.2 Fire Magic
 + Level 2.2 Ice Magic
 + Level 2.2 Air Magic
 + Level 2.2 Earth Magic
 + Level 2.2 Poison Magic
 + Level 3.0 Invocations
 + Level 2.7 Evocations


You had 9 spell levels left.
You knew the following spells:

 Your Spells              Type           Power      Damage    Failure   Level
a - Necrotise             Necr           100%       1d9       1%          1
b - Vampiric Draining     Necr           28%        2d8       1%          3
c - Animate Dead          Necr           28%        N/A       6%          4

Your spell library contained the following spells:

 Spells                   Type           Power      Damage    Failure   Level
 Magic Dart               Conj           68%        1d6       6%          1
 Call Imp                 Summ           11%        N/A       9%          2
 Mephitic Cloud           Conj/Pois/Air  17%        N/A       17%         3
 Agony                    Necr           28%        N/A       19%         5


Dungeon Overview and Level Annotations

Branches:
Dungeon (3/15)              Sewer (visited)

Altars:
Cheibriados

Annotations:
D:3 1 transporter


Innate Abilities, Weirdness & Mutations

You have very sharp teeth.
Your uncanny sense of smell can sniff out nearby items.
Your experience applies equally to all skills.


Message History

Aiming: Vampiric Draining (safe; 1% risk of failure)
Press: ? - help, Shift-Dir - straight line, f/p - gnoll
Aim: a gnoll, wielding a +0 spear (moderately wounded)
You draw life force from the gnoll!
You kill the gnoll!
You feel life coursing into your body.
The dead are walking!
The gnoll barely misses you.
The gnoll zaps a wand.
The puff of flame hits you!
Casting: Vampiric Draining (safe; 1% risk of failure)
Confirm with . or Enter, or press ? or * to list all spells.
Aiming: Vampiric Draining (safe; 1% risk of failure)
Press: ? - help, Shift-Dir - straight line, f - gnoll
Aim: a gnoll, wielding a +0 whip and carrying a wand of flame (10) (lightly wounded)
You draw life force from the gnoll!
You feel life coursing into your body.
The gnoll hits you from afar with a +0 spear of electrocution.
The gnoll hits you but does no damage.
Casting: Vampiric Draining (safe; 1% risk of failure)
Confirm with . or Enter, or press ? or * to list all spells.
Aiming: Vampiric Draining (safe; 1% risk of failure)
Press: ? - help, Shift-Dir - straight line, f/p - gnoll
Aim: a gnoll, wielding a +0 whip and carrying a wand of flame (10) (severely wounded)
You draw life force from the gnoll.
You feel life coursing into your body. The gnoll barely misses you.
The gnoll misses you. x2
The gnoll closely misses you.
Casting: Vampiric Draining (safe; 1% risk of failure)
Confirm with . or Enter, or press ? or * to list all spells.
You don't have enough magic to cast this spell.
You hit the gnoll.
You kill the gnoll!
The dead are walking!
The gnoll misses you.
The gnoll hits you from afar with a +0 halberd.
The gnoll zaps a wand.
You suddenly lose the ability to move!
Your gnoll zombie barely misses the gnoll.
The gnoll hits you from afar with a +0 spear of electrocution!
You are electrocuted!
The gnoll hits you from afar with a +0 halberd.
Your gnoll zombie barely misses the gnoll.
The gnoll hits you from afar with a +0 halberd!
* * * LOW HITPOINT WARNING * * *
The gnoll hits you with a +0 flail!
You die...

....≈≈≈≈≈≈≈≈≈≈≈≈≈≈≈≈≈≈≈≈≈≈≈≈≈..#
.##.≈≈#####...........#####≈≈..#
.##.≈≈#g#g#.###.©.###.#.#.#≈≈..#
.##.≈≈#...###©#####.###...#≈≈..#
.#..≈≈###.........g.....###≈≈..#
....≈≈.8#.######'######.#8.≈≈..#
###.≈≈.##. #8..#.⌠.#.##.≈≈..#
..#.≈≈.#.. ∆#⌠ZZg...'..#.≈≈..#
....≈≈.##.#. #8@g#.⌠.#.##.≈≈..#
#...≈≈.8#.######'######.#8.≈≈..#
#...≈≈###.......g....g..###≈≈..#
#...≈≈#...###g#####.###...#≈≈..#
#.#.≈≈#.#.#.###.©.###.#.#.#≈≈.(#
#.#.≈≈#####...........#####≈≈..#
#.#.≈≈≈≈≈≈≈≈≈≈≈...≈≈≈≈≈≈≈≈≈≈≈..#
#.#.≈≈≈≈≈≈≈≈≈≈≈...≈≈≈≈≈≈≈≈≈≈≈..#
..#......[.........)...........#


You could see 3 gnolls and 2 friendly gnoll zombies.

Vanquished Creatures
  Sigmund (D:3)
  4 kobold brigands (Sewer)
  2 orc priests (D:3)
  Terence (D:3)
  2 gnolls (D:3)
  2 adders
  3 worms
  2 dart slugs (D:1)
  6 orcs (D:3)
  15 bats
  7 endoplasms
  12 giant cockroaches
  5 goblins
  6 hobgoblins
  2 jackals (D:2)
  A quokka (D:1)
  12 ball pythons
  A frilled lizard (D:1)
  14 kobolds
  8 rats
106 creatures vanquished.

Vanquished Creatures (collateral kills)
  An endoplasm (Sewer)
  A giant cockroach (D:3)
  2 ball pythons
  A frilled lizard (D:1)
  A kobold (Sewer)
6 creatures vanquished.

Vanquished Creatures (others)
  6 plants (D:3)
6 creatures vanquished.

Grand Total: 118 creatures vanquished

Notes
Turn   | Place    | Note
-------+----------+-------------------------------------------
     0 | D:1      | gelatine the Gnoll Necromancer began the quest for the Orb.
     0 | D:1      | Reached XP level 1. HP: 13/13 MP: 6/6
   242 | D:1      | Reached XP level 2. HP: 19/19 MP: 4/7
   639 | D:1      | Reached skill level 5 in Spellcasting
   639 | D:1      | Reached XP level 3. HP: 25/25 MP: 3/9
   816 | D:1      | Found a faded altar of an unknown god.
  1013 | D:1      | Reached skill level 1 in Invocations
  1529 | D:2      | Reached skill level 1 in Fighting
  1529 | D:2      | Reached skill level 1 in Short Blades
  1529 | D:2      | Reached skill level 1 in Long Blades
  1529 | D:2      | Reached skill level 1 in Axes
  1529 | D:2      | Reached skill level 1 in Maces & Flails
  1529 | D:2      | Reached skill level 1 in Polearms
  1529 | D:2      | Reached skill level 1 in Staves
  1529 | D:2      | Reached skill level 1 in Ranged Weapons
  1529 | D:2      | Reached skill level 1 in Throwing
  1529 | D:2      | Reached skill level 1 in Armour
  1529 | D:2      | Reached skill level 1 in Shields
  1529 | D:2      | Reached skill level 1 in Unarmed Combat
  1529 | D:2      | Reached skill level 1 in Evocations
  1772 | D:2      | Reached XP level 4. HP: 32/32 MP: 7/11
  2610 | D:3      | Noticed Terence
  2616 | D:3      | Killed Terence
  2617 | D:3      | Reached skill level 1 in Conjurations
  2617 | D:3      | Reached skill level 1 in Hexes
  2617 | D:3      | Reached skill level 1 in Summonings
  2617 | D:3      | Reached skill level 1 in Translocations
  2617 | D:3      | Reached skill level 1 in Transmutations
  2617 | D:3      | Reached skill level 1 in Fire Magic
  2617 | D:3      | Reached skill level 1 in Ice Magic
  2617 | D:3      | Reached skill level 1 in Air Magic
  2617 | D:3      | Reached skill level 1 in Earth Magic
  2617 | D:3      | Reached skill level 1 in Poison Magic
  2711 | D:3      | Reached XP level 5. HP: 32/37 MP: 3/12
  2711 | D:3      | Found a transporter.
  2737 | D:3      | Found a glowing drain.
  2752 | Sewer    | Entered a sewer
  2950 | Sewer    | Noticed a kobold brigand
  2966 | Sewer    | Killed a kobold brigand
  3171 | Sewer    | Reached XP level 6. HP: 44/44 MP: 9/13
  3231 | Sewer    | Reached skill level 5 in Dodging
  3254 | Sewer    | Reached XP level 7. HP: 8/50 MP: 8/15
  3429 | D:3      | Identified the +2 halberd of Sawkusme {pain, Will+ rCorr}
  3641 | D:3      | Noticed Sigmund
  3648 | D:3      | Killed Sigmund
  3649 | D:3      | Reached skill level 5 in Stealth
  3709 | D:3      | Found a snail-covered altar of Cheibriados.
  3898 | D:3      | Found a transporter.
  4019 | D:3      | Learned a level 3 spell: Vampiric Draining
  4024 | D:3      | Learned a level 4 spell: Animate Dead
  4035 | D:3      | Paralysed by a gnoll for 3 turns
  4037 | D:3      | Slain by a gnoll

Illustrated notes

Levels and vault maps discovered:
D:1:      wheals_arrival_shading, layout_basic, basic_ecumenical_altar,
          st_stairs_4
D:2:      layout_basic
D:3:      layout_loops_ring, general_overflow_altar,
          gammafunk_ghost_gnarly_gnolls, portal_sewer_entry_f, st_stairs_5,
          uniq_sigmund, uniq_terence

Skill      XL: |  1  2  3  4  5  6  7 |
---------------+----------------------+-----
Spellcasting   | 5 |  5.7
Invocations    | 1 2 3 |  3.0
Fighting       | 1 2 |  2.7
Short Blades   | 1 2 |  2.7
Long Blades    | 1 2 |  2.7
Axes           | 1 2 |  2.7
Maces & Flails | 1 2 |  2.7
Polearms       | 1 2 |  2.7
Staves         | 1 2 |  2.7
Ranged Weapons | 1 2 |  2.7
Throwing       | 1 2 |  2.7
Armour         | 1 2 |  2.7
Shields        | 1 2 |  2.7
Unarmed Combat | 1 2 |  2.7
Evocations     | 1 2 |  2.7
Conjurations   | 1 2 |  2.2
Hexes          | 1 2 |  2.2
Summonings     | 1 2 |  2.2
Translocations | 1 2 |  2.2
Transmutations | 1 2 |  2.2
Fire Magic     | 1 2 |  2.2
Ice Magic      | 1 2 |  2.2
Air Magic      | 1 2 |  2.2
Earth Magic    | 1 2 |  2.2
Poison Magic   | 1 2 |  2.2
Dodging        | 5 |  5.3
Stealth        | 5 |  5.0
Necromancy     | |  7.5

Action                   |  1- 3 |  4- 6 |  7- 9 || total
-------------------------+-------+-------+-------++-------
Melee: Dagger            |     1 |       |       ||     1
       Staff             |       |    12 |     3 ||    15
       Bite              |       |     3 |       ||     3
 Cast: Necrotise         |    61 |    93 |    34 ||   188
       Vampiric Draining |       |       |     3 ||     3
       Animate Dead      |       |       |     1 ||     1
  Use: Scroll            |       |     4 |     4 ||     8
       Potion            |       |     3 |     1 ||     4
Armor: Robe              |     4 |     5 |     3 ||    12
Dodge: Dodged            |    14 |    38 |    13 ||    65

Table legend: (Time is in decaauts)
 A = Elapsed time spent in this place.
 B = Non-inter-level travel time spent in this place.
 C = Inter-level travel time spent in this place.
 D = Time resting spent in this place.
 E = Time spent auto-exploring this place.
 F = Levels seen in this place.
 G = Mean time per level.
                   A        B        C        D        E       F      G
               +--------+--------+--------+--------+--------+-----+--------+
         Total |   4039 |   3712 |    327 |     72 |   2950 |   4 | 1009.8 |
       Dungeon |   3453 |   3126 |    327 |      0 |   2601 |   3 | 1151.0 |
         Sewer |    585 |    585 |      0 |     72 |    349 |   1 |  585.0 |
               +--------+--------+--------+--------+--------+-----+--------+

Top non-repeatable levels by time:
     D:1: 1265 daAuts
     D:2: 1251 daAuts
     D:3: 936 daAuts
   Sewer: 585 daAuts
